AoeStats
← 无敌火枪手

Arena

506462950Analyzed
1v1 RM · 18d ago on Sep 13, 2026· 43m 52s· 2 players
Game mode
Random Map
Map size
Tiny (2 player)
Population
200
Speed
Normal
Resources
Standard
Victory
Conquest
Starting age
Dark Age
Ending age
Imperial Age
RankedLock teamsTeams togetherTeam positionsShared explorationLock speedFull tech treeHidden civsTurbo modeCheats
Victory
Defeat
🇿🇦 Armenians · South Africa
975
+16
🇨🇳 Spanish · China
985
-16
Nephilim
11:55 Feudal Age
12:16 Man-at-Arms
13:22 Loom
16:48 Castle Age
29:35 Wheelbarrow
28:49 Town Watch
32:41 Imperial Age
30:54 Fletching
31:42 Ballistics
31:31 Double-Bit Axe
31:37 Gold Mining
31:32 Horse Collar
32:10 Bodkin Arrow
33:46 Conscription
33:59 Onager
34:49 Padded Archer Armor
35:24 Bow Saw
35:54 Bracer
37:11 Chemistry
35:57 Elite Composite Bowman
38:15 Leather Archer Armor
37:45 Pikeman
38:26 Squires
39:02 Arson
40:01 Ring Archer Armor
39:32 Scale Mail Armor
39:43 Forging
42:45 Halberdier
无敌火枪手
1:15 Loom
9:55 Feudal Age
13:46 Double-Bit Axe
14:58 Double-Bit Axe
17:47 Castle Age
18:52 Gold Mining
23:03 Wheelbarrow
23:58 Stone Mining
24:51 Bow Saw
24:29 Horse Collar
29:04 Hand Cart
32:14 Squires
32:20 Scale Mail Armor
32:31 Forging
33:14 Pikeman
34:41 Heavy Plow
39:46 Imperial Age
38:41 Murder Holes
39:02 Masonry
40:11 Halberdier
41:59 Chain Mail Armor
42:20 Iron Casting
42:55 Light Cavalry
43:43 Scale Barding Armor
45:16 Blast Furnace
Connection lost

Rejoining the realm…

Still unreachable

The connection could not be restored.

Session expired

The server has moved on; the page needs a fresh start.